Map: Kairos Junction LE

Players

Michael

  • Race: Terran Terran
  • Spawn Location: 5:00

Mesrob - Winner!

  • Race: Terran Terran
  • Spawn Location: 11:00

VOD

Have the link to the VOD?

Description

Time

  • Played on: Jan. 8, 2019, 8:14 a.m.
  • Length: 16:02
Show
View Real Time Build Order
Export as new Build Order

Michael Terran 

Build Orders:  

Get SALT Encoding   

  12  0:01  SCV  
  13  0:13  SCV  
  14  0:20  Supply Depot  
  14  0:25  SCV  
  15  0:34  Refinery  
  15  0:43  Barracks  
  15  0:46  SCV  
  16  0:58  SCV  
  17  1:10  SCV  
  18  1:22  SCV  
  19  1:34  Orbital Command  
  19  1:37  Factory  
  19  1:50  Marine  
  20  2:02  SCV  
  21  2:09  Reaper  
  21  2:11  Refinery  
  22  2:28  Factory Tech Lab, Command Center  
  22  2:34  SCV  
  23  2:58  Supply Depot  
  23  3:19  Siege Tank, SCV  
  26  3:30  Marine  
  27  3:37  Barracks  
  27  3:39  Barracks  
  27  3:45  Orbital Command  
  27  3:51  Siege Tank  
  30  3:57  Barracks Reactor  
  30  4:16  SCV x2  
  32  4:28  Siege Tank  
  35  4:31  Barracks Reactor x2  
  35  4:50  SCV  
  36  4:56  SCV  
  37  5:02  Marine x2, SCV  
  40  5:08  SCV  
  40  5:10  Siege Tank  
  44  5:14  SCV  
  44  5:17  Barracks  
  44  5:20  SCV  
  46  5:23  Supply Depot  
  46  5:27  Marine x2  
  48  5:29  SCV  
  48  5:32  SCV  
  50  5:35  Marine  
  50  5:36  Marine x3  
  54  5:45  Marine x2, SCV  
  54  5:46  Supply Depot  
  54  5:47  Siege Tank  
  60  5:53  Marine, Factory  
  60  5:54  Marine  
  62  6:06  Engineering Bay  
  62  6:08  Marine x4, SCV x2  
  62  6:11  Marine x2, Supply Depot  
  70  6:20  Barracks Tech Lab, SCV x2  
  72  6:25  Marine x2  
  72  6:26  Marine x2  
  72  6:29  Marine x2  
  78  6:33  Supply Depot  
  78  6:41  Factory Tech Lab  
  78  6:43  Marine x4  
  78  6:47  Marine x2, Supply Depot  
  82  6:53  SCV  
  82  6:54  SCV  
  86  6:56  Supply Depot  
  86  6:57  Refinery  
  86  7:00  Stimpack  
  86  7:01  Marine x4, Refinery, Terran Infantry Weapons Level 1  
  86  7:04  Marine x2  
  86  7:05  Marine  
  93  7:10  Supply Depot  
  93  7:13  Siege Tank  
  96  7:18  Siege Tank  
  96  7:19  Marine x4  
  96  7:22  Marine, Marauder  
  105  7:28  Marine  
  107  7:37  Marine x4  
  107  7:38  Supply Depot  
  107  7:40  Marine, Supply Depot  
  112  8:02  Supply Depot  
  96  8:26  Marine  
  96  8:27  Marine x6  
  98  8:40  Combat Shield  
  98  8:41  Supply Depot  
  98  8:43  Starport  
  98  8:44  Marine x6  
  98  8:45  Marine  
  89  9:01  SCV  
  89  9:02  Marine x7, SCV  
  92  9:08  Terran Infantry Armor Level 1  
  98  9:13  SCV  
  98  9:14  SCV  
  100  9:18  Supply Depot  
  100  9:19  Marine  
  100  9:20  Marine x6  
  107  9:25  SCV  
  107  9:26  SCV  
  107  9:27  Starport Reactor  
  109  9:38  Marine, SCV x2  
  112  9:50  SCV x2  
  114  10:04  Medivac x2  
  118  10:31  Command Center  
  118  10:40  Marine  
  118  10:41  Marine x6  
  125  10:58  Marine x7  
  125  11:01  Medivac x2  
  136  11:16  Marine x7  
  143  11:33  Marine  
  143  11:34  Marine x6  
  150  11:58  Marine x7  
  157  12:12  Planetary Fortress  
  157  12:15  Marine  
  157  12:16  Marine x6  
  157  12:17  Medivac  
  157  12:18  Medivac  
  168  12:33  Marine  
  168  12:34  Marine x4  
  173  12:44  Marine x2  
  175  12:51  Marine  
  175  12:52  Marine x4  
  180  13:02  Marine x2  
  180  13:04  Siege Tank  
  180  13:05  Siege Tank  
  188  13:17  Medivac x2  
  192  13:20  Marine x5  
  197  13:49  Marine x4, Siege Tank  
  197  13:50  Marine x3, Siege Tank  
  179  14:07  Marine x7  
  177  14:22  Widow Mine, Siege Tank  
  182  14:25  Marine x7  
  189  14:43  Marine x6, Widow Mine  
  197  14:53  Marine  
  154  15:01  Marine  
  81  15:25  Marine  
  81  15:26  Marine x6  
  81  15:43  Marine x3  
  81  15:44  Marine x4  
Show
View Real Time Build Order
Export as new Build Order

Mesrob Terran - Winner!

Build Orders:  

Get SALT Encoding   

  12  0:00  SCV  
  13  0:12  SCV  
  14  0:16  Supply Depot  
  14  0:24  SCV  
  15  0:29  Refinery  
  15  0:42  Barracks  
  15  0:44  SCV  
  16  0:57  SCV  
  17  1:15  Barracks  
  17  1:22  SCV  
  18  1:30  Supply Depot  
  18  1:34  Factory  
  18  1:46  Barracks Tech Lab  
  18  1:57  Supply Depot  
  18  1:59  Orbital Command  
  18  2:02  Refinery  
  18  2:20  Barracks Tech Lab  
  18  2:22  Barracks Reactor  
  18  2:27  Engineering Bay  
  18  2:44  Marine  
  18  2:45  Siege Tank  
  22  3:01  Marine x2  
  24  3:06  Marine  
  25  3:38  Siege Tank  
  28  3:43  Marine x2, Marauder  
  32  3:54  Command Center  
  32  4:01  Marine  
  33  4:05  Marauder  
  33  4:07  SCV  
  36  4:13  Marine  
  37  4:19  Marine, SCV  
  39  4:28  Terran Infantry Weapons Level 1  
  39  4:33  Marine  
  39  4:35  Marine, Supply Depot  
  38  5:11  Marine  
  38  5:12  Marine  
  38  5:13  Marauder  
  38  5:14  Starport, Combat Shield  
  42  5:20  SCV  
  43  5:32  Orbital Command, SCV  
  44  5:43  Marine x2  
  44  5:44  SCV  
  44  5:49  Siege Tank  
  50  5:52  Starport Reactor  
  50  6:01  Barracks  
  50  6:22  Terran Infantry Armor Level 1  
  50  6:24  SCV  
  50  6:25  Liberator x2  
  51  6:35  Refinery  
  51  6:36  SCV  
  52  6:40  Siege Tank  
  52  6:43  Marine  
  62  6:52  Supply Depot, Barracks Reactor  
  62  7:00  Refinery  
  62  7:07  Supply Depot  
  62  7:13  Marine, Marauder, SCV  
  66  7:20  Siege Tank  
  66  7:21  Supply Depot, Stimpack  
  69  7:25  SCV  
  69  7:29  Supply Depot  
  70  7:37  SCV  
  71  7:45  Armory  
  71  7:50  SCV  
  72  7:54  Siege Tank  
  72  7:58  Marine x5  
  80  8:09  SCV  
  81  8:16  Marine x2  
  75  8:21  SCV  
  70  8:33  SCV  
  71  8:35  Supply Depot  
  64  9:05  Terran Infantry Weapons Level 2  
  64  9:06  Fusion Core  
  64  9:08  Terran Vehicle Weapons Level 1  
  64  9:09  Marine x5  
  69  9:21  Liberator  
  69  9:27  Marine x5  
  74  9:39  Command Center  
  76  9:59  Siege Tank  
  78  10:05  SCV  
  79  10:17  SCV  
  80  10:29  SCV  
  80  10:31  Siege Tank  
  84  10:38  Command Center  
  84  10:55  SCV  
  85  10:58  Planetary Fortress  
  85  11:07  SCV  
  86  11:15  Marine  
  86  11:16  Marine x4  
  91  11:19  SCV  
  91  11:20  Starport  
  91  11:21  Terran Infantry Armor Level 2, Siege Tank  
  95  11:27  Terran Vehicle Weapons Level 2  
  95  11:31  SCV  
  96  11:33  Marine  
  96  11:34  Marine x4  
  96  11:35  SCV  
  102  11:43  SCV  
  102  11:46  Refinery  
  103  11:47  SCV  
  103  11:51  Marine  
  103  11:52  Marine x4  
  109  11:59  SCV  
  110  12:09  Marine x2  
  110  12:10  Marine x3  
  110  12:11  SCV  
  116  12:21  Starport Tech Lab  
  116  12:27  Marine, SCV  
  117  12:39  SCV  
  118  12:54  Battlecruiser  
  123  13:21  Marine  
  123  13:22  Marine x4  
  123  13:25  SCV  
  129  13:30  Planetary Fortress  
  129  13:33  SCV  
  130  13:37  SCV  
  130  13:38  SCV  
  132  13:48  Supply Depot  
  132  13:57  Supply Depot  
  132  14:09  Marine x4, SCV  
  138  14:11  Supply Depot  
  121  14:18  Battlecruiser  
  121  14:19  Supply Depot  
  127  14:27  Marine x4  
  128  14:45  Marine x2  
  80  15:20  Marine  
  81  15:21  Marine x5  
  92  15:38  Marine  
  92  15:39  Marine x5  
Tags
 
Matchup
TvT
Race
Terran
Replay Pack
sc2 replays
Spawn Locations
Cross Positions
Add a new tag
Caveats
  • Supply blocks, unpowered buildings, or Contaminate may cause inaccurate times.
  • Supply counts are checked every 10 seconds.